 Dungeon Crawl Stone Soup version 0.18.1-48-g4cf74bf (webtiles) character file.

226 Alarkh the Poker (level 5, 0/38 HPs)
             Began as a Mummy Skald on July 28, 2016.
             Slain by an orc wizard
             ... wielding a +0 dagger
              (2 damage)
             ... on level 3 of the Dungeon.
             The game lasted 00:05:28 (3457 turns).

Alarkh the Poker (Mummy Skald)                      Turns: 3457, Time: 00:05:28

Health: 0/38       AC:  4    Str: 16    XL:     5   Next: 69%
Magic:  1/8        EV: 11    Int: 12    God:
Gold:   70         SH:  0    Dex: 11    Spells: 1 memorised, 7 levels left

rFire  . . .     SeeInvis .     a - +0 spear
rCold  + . .     Gourm    .     b - +0 leather armour
rNeg   + + +     Faith    .     (no shield)
rPois  ∞         Spirit   .     (no helmet)
rElec  .         Dismiss  .     (no cloak)
rCorr  .         Reflect  .     (no gloves)
SustAt .         Harm     .     j - +0 pair of boots
MR     .....                    (no amulet)
Stlth  +.........               (no ring)
                                l - ring of protection from fire

@: very slightly contaminated, not resistant to hostile enchantments, very
unstealthy
A: no food or potions, fire vulnerability, cold resistance 1, negative energy
resistance 3, torment resistance, unbreathing
a: no special abilities


You were on level 3 of the Dungeon.
You were not hungry.

You visited 1 branch of the dungeon, and saw 3 of its levels.

You collected 70 gold pieces.

Inventory:

Hand Weapons
 a - a +0 spear (weapon)
Armour
 b - a +0 leather armour (worn)
 j - a +0 pair of boots (worn)
Jewellery
 l - a ring of protection from fire (left hand)
Scrolls
 d - a scroll of identify
 e - a scroll of random uselessness
 f - 2 scrolls of fog
 g - 2 scrolls of amnesia
 h - a scroll of teleportation {unknown}
 i - 2 scrolls of enchant weapon {unknown}
 k - a scroll of remove curse {unknown}
Books
 c - a book of Battle

   Spells                             Type                      Level
   a - Infusion                       Charms                       1
   b - Shroud of Golubria             Charms/Translocation         2
   c - Song of Slaying                Charms                       2
   d - Spectral Weapon                Hexes/Charms                 3
   e - Regeneration                   Charms/Necromancy            3


   Skills:
 - Level 2.0 Fighting
 + Level 5.0 Polearms
 - Level 0.7 Armour
 - Level 0.7 Dodging
 - Level 2.0 Spellcasting
 - Level 2.4 Charms


You had 7 spell levels left.
You knew the following spells:

 Your Spells              Type           Power        Failure   Level  Hunger
a - Infusion              Chrm           #...         14%         1    N/A

Dungeon Overview and Level Annotations

Branches:
Dungeon (3/15)

Altars:


Innate Abilities, Weirdness & Mutations

You do not eat or drink.
Your flesh is vulnerable to fire.
You are immune to poison.
Your flesh is cold resistant.
You are immune to negative energy.
You are immune to unholy pain and torment.
You can survive without breathing.


Message History

You bump into the rock wall.
The orc wizard hits you but does no damage.
You bump into the rock wall.
You are no longer magically infusing your attacks.
The orc wizard hits you but does no damage.
You miss the orc wizard.
The orc wizard is severely wounded.
You bump into the rock wall.
The orc wizard hits you but does no damage.
You hit the orc wizard.
The orc wizard is severely wounded.
You feel less confused.
The orc wizard casts a spell.
The orc wizard flickers and vanishes!
Deactivating autopickup; reactivate with Ctrl-A.
You barely miss something. Something hits you.
* * * LOW HITPOINT WARNING * * *
You miss something. Something hits you but does no damage.
You miss something. Something hits you.
You die...

#.## #.# #.##..... #..# #.#
#.###.### ##.# ##.###### #.#
#.# #># ##.#.#.#.### #.# #.#
#.# #......(.[.# #.# #.# #.#
####.##'##.#.# #.###.# #.#
#....#...#...# #.....# #.#
#..#.'...+.#.# #####.# #.#
#....#...#@{.# ###. #.#
#.##.##'##.#)###### ... #.#
#.#..........!....###..... #.#
#.##.#.#.#.####.#.'o.....8 #.#
#.####.#######...####..... #.#
#.# #..............# ...
#.###.## ##.######...#.## .
#.##...####.#######.##.#
#....#.............#.#.#######


There were no monsters in sight!

Vanquished Creatures
  An orc wizard (D:3)
  An orc priest (D:3)
  7 adders
  An ooze (D:3)
  2 worms (D:2)
  3 dart slugs
  2 giant geckos (D:2)
  4 orcs (D:3)
  A giant cockroach (D:2)
  8 goblins
  9 hobgoblins
  7 jackals
  19 kobolds
  A quokka (D:1)
  3 ball pythons
  2 bats
  6 giant newts
  9 rats
86 creatures vanquished.

Notes
Turn   | Place    | Note
--------------------------------------------------------------
     0 | D:1      | Alarkh the Mummy Skald began the quest for the Orb.
     0 | D:1      | Reached XP level 1. HP: 16/16 MP: 3/3
   373 | D:1      | Reached skill level 2 in Polearms
   435 | D:1      | Reached XP level 2. HP: 2/22 MP: 1/5
   438 | D:1      | HP: 1/22 [jackal (1)]
  1203 | D:2      | Reached XP level 3. HP: 24/27 MP: 2/6
  1234 | D:2      | Reached skill level 3 in Polearms
  1421 | D:2      | Reached XP level 4. HP: 20/33 MP: 2/7
  2123 | D:3      | Reached skill level 4 in Polearms
  2622 | D:3      | Reached XP level 5. HP: 30/38 MP: 0/8
  3428 | D:3      | Reached skill level 5 in Polearms
  3457 | D:3      | Slain by an orc wizard

Skill      XL: |  1  2  3  4  5 |
---------------+----------------+-----
Polearms       | 2 3 4 5 |  5.0
Fighting       | |  2.0
Armour         | |  0.7
Dodging        | |  0.7
Spellcasting   | |  2.0
Charms         | |  2.4

Action                   |  1- 3 |  4- 6 || total
-------------------------+-------+-------++-------
Melee: Spear             |   105 |   208 ||   313
 Cast: Infusion          |    17 |    33 ||    50
  Use: Scroll            |     1 |     2 ||     3
Armor: Leather armour    |    16 |    30 ||    46
Dodge: Dodged            |    50 |    78 ||   128
